 Dungeon Crawl Stone Soup version 0.31-a0-667-g39726597b9 (webtiles) character file.

Game seed: 7951937963871057553

153832 Deathmic the Warrior (level 17, -8/165 (166) HPs)
             Began as a Minotaur Gladiator on Sept 2, 2023.
             Was a High Priest of Okawaru.
             Mangled by a goliath frog (27 damage)
             ... called by a spriggan druid
             ... on level 3 of the Swamp on Sept 3, 2023.
             The game lasted 01:55:33 (28574 turns).

Deathmic the Warrior (Minotaur Gladiator)          Turns: 28574, Time: 01:55:33

HP:   -8/165 (166)  AC: 34    Str: 28    XL:     17   Next: 5%
MP:   19/23         EV: 12    Int:  5    God:    Okawaru [*****.]
Gold: 885           SH: 29    Dex: 14    Spells: 16/16 levels left

rFire   + . .        g - +7 trident of Youthful Indiscretion {freeze, rC+ Str+3 Stlth+}
rCold   + + +        h - +1 tower shield
rNeg    . . .        q - +15 Maxwell's patent armour {-Cast -Tele rElec Will+ rCorr}
rPois   +            c - +1 hat
rElec   +            m - +1 cloak
rCorr   +            o - +0 pair of gloves of Pyuk {rElec rC++}
SInv    +            O - +2 pair of boots "Equwut" {rF+}
Will    ++...        Z - amulet of reflection Stlth
                     N - ring of poison resistance
HPRegen 0.47/turn    w - ring of see invisible
MPRegen 0.18/turn

%: no teleportation, no spellcasting, reflection
@: heroic, studying 2 skills, lightly drained, invisible
A: horns 2, retaliatory headbutt
a: Renounce Religion, Heroism, Finesse, Duel


You were on level 3 of the Swamp.
You worshipped Okawaru.
Okawaru was extremely pleased with you.
You visited 5 branches of the dungeon, and saw 26 of its levels.
You also visited: Volcano.

You collected 2025 gold pieces.
You spent 1140 gold pieces at shops.

Inventory:

Hand Weapons
 g - the +7 trident of Youthful Indiscretion (weapon) {freeze, rC+ Str+3 Stlth+}
   (You found it on level 1 of the Lair of Beasts)

   Str+3:     It affects your strength (+3).
   rC+:       It protects you from cold.
   Stlth+:    It makes you more stealthy.
 P - the +8 whip "Snakebite" {venom, curare, rPois}
   (You found it on level 2 of the Lair of Beasts)

   rPois:     It protects you from poison
Missiles
 a - 2 silver javelins
 f - 37 stones
 i - a datura-tipped dart
 y - 29 poisoned darts
 D - 4 curare-tipped darts
 U - 3 atropa-tipped darts
 V - 3 boomerangs (quivered)
 Y - 8 javelins
Armour
 c - a +1 hat (worn)
 h - a +1 tower shield (worn)
 m - a +1 cloak (worn)
 o - the +0 pair of gloves of Pyuk (worn) {rElec rC++}
   (Okawaru gifted it to you on level 5 of the Lair of Beasts)

   rC++:      It greatly protects you from cold.
   rElec:     It insulates you from electricity.
 p - the +0 robe "Jyti" {rC++ Dex+6}
   (You found it on level 5 of the Dungeon)

   Dex+6:     It affects your dexterity (+6).
   rC++:      It greatly protects you from cold.
 q - the +15 Maxwell's patent armour (worn) {-Cast -Tele rElec Will+ rCorr}
   (You found it on level 1 of the Orcish Mines)

   rElec:     It insulates you from electricity.
   Will+:     It increases your willpower.
   -Cast:     It prevents spellcasting.
   -Tele:     It prevents most forms of teleportation.
   rCorr:     It protects you from acid and corrosion.
 I - a +2 buckler of fire resistance
 J - a +1 scale mail of fire resistance
 O - the +2 pair of boots "Equwut" (worn) {rF+}
   (Okawaru gifted it to you on level 2 of the Lair of Beasts)

   rF+:       It protects you from fire.
Jewellery
 s - a +6 ring of strength
 u - a ring of resist corrosion
 w - a ring of see invisible (right hand)
 N - a ring of poison resistance (left hand)
 Z - an amulet of reflection (around neck)
Wands
 j - a wand of flame (28)
 v - a wand of iceblast (30)
 z - a wand of polymorph (32)
 B - a wand of mindburst (10)
 C - a wand of paralysis (20)
 L - a wand of quicksilver (5)
 M - a wand of digging (7)
Scrolls
 d - 5 scrolls of identify
 k - a scroll of fog
 t - 7 scrolls of teleportation
 A - a scroll of acquirement {unknown}
 E - 3 scrolls of revelation
 F - 2 scrolls of blinking
 G - 4 scrolls of fear
 H - a scroll of silence
 K - a scroll of enchant weapon
Potions
 b - a potion of magic
 e - a potion of enlightenment
 l - 6 potions of might
 n - 4 potions of haste
 r - 3 potions of resistance
 x - 12 potions of curing
 Q - 4 potions of heal wounds
 R - a potion of lignification
 W - a potion of brilliance


   Skills:
 + Level 18.5(23.5) Fighting
 + Level 14.8(19.8) Polearms
 - Level 14.5(19.5) Throwing
 + Level 7.3(12.3) Dodging
 + Level 18.3(23.3) Shields
 - Level 10.0 Invocations


You had 16 spell levels left.
You didn't know any spells.
Your spell library contained the following spells:

 Spells                   Type           Power      Damage    Failure   Level
 Apportation              Tloc           0%         N/A       100%        1
 Necrotise                Necr           0%         1d4       100%        1
 Cigotuvi's Dreadful Rot  Necr/Pois/Air  0%         N/A       100%        2
 Ensorcelled Hibernation  Hex/Ice        0%         N/A       100%        2
 Poisonous Vapours        Pois/Air       0%         N/A       100%        2
 Mephitic Cloud           Conj/Pois/Air  0%         N/A       100%        3
 Anguish                  Hex/Necr       0%         N/A       100%        4
 Dispel Undead            Necr           0%         3d6       100%        4
 Freezing Cloud           Conj/Ice/Air   0%         6-21      100%        5
 Summon Small Mammal      Summ           Unusable   N/A       N/A         1
 Death Channel            Necr           Unusable   N/A       N/A         6

Dungeon Overview and Level Annotations

Branches:
Dungeon (15/15)            Temple (1/1) D:4            Lair (5/5) D:9
  Swamp (3/4) Lair:3       Spider (0/4) Lair:2        Slime (0/5) Lair:5
    Orc (2/2) D:11            Elf (0/3) Orc:2        Vaults (0/5) D:14
 Depths (0/4) D:15        Volcano (visited)

Altars:
Ashenzari
Cheibriados
Dithmenos
Elyvilon
Fedhas
Gozag
Hepliaklqana
Kikubaaqudgha
Makhleb
Nemelex Xobeh
Okawaru
Qazlal
Ru
Sif Muna
Uskayaw
Vehumet
Wu Jian
Xom
Yredelemnul
Zin
The Shining One
Jiyva

Shops:
D:13 =   D:14 *!!*   Orc:2 (:*[

Annotations:
D:4 1 runed translucent door
D:9 3 runed translucent doors, exclusion: obsidian statue, NigelTetley's ghost, novice BaHu
D:12 exclusion: ice statue
Temple 2 transporters


Innate Abilities, Weirdness & Mutations

You have a pair of horns on your head.
You reflexively headbutt those who attack you in melee.


Message History

You enter the shallow water.
Moving in this stuff is going to be slow.
Your hands slow down.
The swamp worm fires a harpoon shot at you.
You block harpoon shot... and reflect it back!
The harpoon shot hits the swamp worm!!
The alligator bites you!
* * * LOW HITPOINT WARNING * * *
You block the alligator's attack.
The five-headed hydra attacks as it pursues you!
The five-headed hydra closely misses you.
The five-headed hydra bites you but does no damage.
You block the five-headed hydra's attack.
The five-headed hydra barely misses you.
The five-headed hydra closely misses you.
The goliath frog hits you from afar!!
* * * LOW HITPOINT WARNING * * *
You are splashed with acid.
You resist.
* * * LOW HITPOINT WARNING * * *
The alligator barely misses you. You block the alligator's attack.
The five-headed hydra bites you but does no damage. x5
You feel much better. You block the goliath frog's attack.
You block the five-headed hydra's attack.
The five-headed hydra misses you.
The five-headed hydra bites you but does no damage. x2
You block the five-headed hydra's attack.
You fade into invisibility!
The alligator no longer looks unusually strong.
You block the goliath frog's attack.
The alligator bites you but does no damage.
You block the alligator's attack.
The swamp worm fires a harpoon shot at you.
The harpoon shot hits the swamp dragon!
The alligator bites you.
* * * LOW HITPOINT WARNING * * *
The alligator completely misses you.
You block the five-headed hydra's attack.
The five-headed hydra barely misses you.
The five-headed hydra bites you but does no damage.
The five-headed hydra closely misses you. x2
The goliath frog hits you from afar!!
You die...

*,~~♣♣.~~~.~* *~.~~~~~~~
♣♣♣♣i~.♣§~~~~.♣♣♣*♣~..~~~~~~
♣♣♣♣♣♣♣.~~~.~~~~♣♣.~†♣,,~,,,
♣♣♣♣♣♣~~~~~.♣.~.♣.~§.**,^,~~
♣♣♣♣♣.~~~~~.♣...~%.♣♣***,,~~
♣♣♣♣♣~~~.~~.♣♣n).~~.♣♣♣♣*,~~
♣♣♣♣♣♣♣...~~.Fni.~~~..$♣*,,~
♣♣♣♣♣......ttny†.[~~~§~~~*~~
♣♣..~...♣♣♣@DDw~~~§~~~~~~*~,
♣♣....♣♣♣♣♣♣♣♣t§~§.~~~~.**~~
♣♣♣♣♣~♣♣♣.~w♣♣♣♣~~~~~§.♣,,,,
♣♣♣♣♣♣♣♣.~~~♣♣♣~.~~~~~~~,,,*
♣♣♣♣♣....~~....~.~~§~~~.,,*,
♣♣♣♣♣~~......~~.~~~~~~~.,*,,
♣♣♣♣♣♣♣♣♣.~..~~.§~~~~~..**,*
♣♣♣♣♣♣♣♣♣♣~.~§~~~~~~~<.[***,
**,~~~~~~~~~.~** **


You could see 3 ghouls, a five-headed hydra (unable to see you), 3 alligators, a
swamp dragon (wandering, strong, unable to see you), a goliath frog (strong,
unable to see you), a swamp worm (unable to see you), a hornet (unable to see
you) and a spriggan.

Vanquished Creatures
  Rupert (D:15)
  A thorn hunter (Swamp:1)
  Roxanne (Swamp:1)
  An orc warlord (Orc:1)
  3 eleionomae (Swamp:2)
  Azrael (D:15)
  2 bunyips
  Snorg (Lair:3)
  Josephine (D:11)
  A vault guard (D:14)
  A catoblepas (Lair:5)
  A shambling mangrove (Swamp:2)
  7 alligators
  An ice dragon (Swamp:3)
  An ogre mage (Volcano)
  2 ghost crabs (Swamp:1)
  7 hydras
  A merfolk avatar (Lair:5)
  8 boulder beetles
  6 centaur warriors
  12 two-headed ogres
  An orc high priest (Orc:2)
  Urug (Orc:1)
  4 tengu warriors
  A deep troll earth mage (D:15)
  Nergalle (Orc:1)
  A hell knight (Volcano)
  Sonja (Arena)
  A fire crab (D:14)
  2 sea snakes (Lair:5)
  3 wizards
  5 bog bodies
  2 swamp dragons (Swamp:2)
  A spriggan druid (Swamp:3)
  2 goliath frogs
  A deep elf archer (D:14)
  A steelbarb worm (shapeshifter) (D:14)
  2 deep elf pyromancers
  Pikel (D:5)
  26 ugly things
  5 orc knights
  9 manticores
  3 necromancers (D:14)
  A wolf spider (D:11)
  7 cyclopes
  5 orc sorcerers
  3 will-o-the-wisps
  A manticore (shapeshifter) (D:14)
  8 elephants (Lair:5)
  Joseph (D:7)
  7 black mambas
  Maurice (D:8)
  2 cane toads (shapeshifter) (D:11)
  10 cane toads
  Maggie (D:8)
  A torpor snail (Lair:1)
  An unseen horror (D:11)
  5 rime drakes
  2 efreet (D:15)
  6 komodo dragons
  2 freezing wraiths (D:14)
  A queen bee (shapeshifter) (D:14)
  4 trolls
  2 bloated husks
  3 meliai
  2 polar bears
  A wolf spider simulacrum (D:15)
  A wind drake (Lair:5)
  3 hornets
  3 tyrant leeches
  Grinder (D:4)
  27 blink frogs
  4 dream sheep
  A centaur simulacrum (D:14)
  2 snapping turtles (Lair:5)
  8 slime creatures
  5 wyverns
  Sigmund (D:3)
  18 humans (D:14)
  3 shadows
  A vampire (D:12)
  3 spriggans
  3 wraiths (D:11)
  49 yaks
  5 basilisks
  5 steam dragons
  2 redbacks (Lair:2)
  15 vampire mosquitoes
  2 wargs (Orc:1)
  An acid dragon (D:13)
  9 swamp worms
  Duvessa (D:4)
  23 water moccasins
  6 hell hounds (D:15)
  An ice beast (D:6)
  A swamp drake (Swamp:1)
  The ghost of WhatIsLove the Trooper, an amateur HOMo (D:4)
  7 black bears
  25 orc warriors
  6 sky beasts
  Pargi (D:4)
  5 boggarts
  14 wolves
  8 centaurs
  5 ogres
  A lemure (D:5)
  A phantom (D:5)
  2 kobold brigands
  12 bullfrogs
  2 scorpions (D:6)
  5 wights (D:9)
  Dowan (D:4)
  13 killer bees
  An electric eel (Lair:3)
  5 howler monkeys
  13 jellies
  2 hounds
  13 orc priests
  3 sleepcaps
  Ijyb (D:4)
  4 iguanas
  Natasha (twice) (D:4)
  13 orc wizards
  9 adders
  2 white imps
  3 ufetubi (D:5)
  2 worms (D:4)
  44 orcs
  9 bats
  7 endoplasms
  3 giant cockroaches
  6 goblins
  2 hobgoblins (D:1)
  11 jackals
  4 quokkas
  4 ball pythons
  3 frilled lizards
  12 kobolds
  2 rats
704 creatures vanquished.

Vanquished Creatures (others)
  An alligator (Swamp:1)
  A will-o-the-wisp (Swamp:1)
  3 orcs (Orc:2)
  16 foxfires
21 creatures vanquished.

Grand Total: 725 creatures vanquished

Notes
Turn   | Place    | Note
-------+----------+-------------------------------------------
     0 | D:1      | Deathmic the Minotaur Gladiator began the quest for the
                  | Orb.
     0 | D:1      | Reached XP level 1. HP: 18/18 MP: 0/0
   111 | D:1      | Reached XP level 2. HP: 25/25 MP: 1/1
   191 | D:1      | Found a faded altar of an unknown god.
   921 | D:2      | Reached XP level 3. HP: 31/31 MP: 2/2
  1102 | D:2      | Reached skill level 1 in Shields
  1519 | D:3      | Reached XP level 4. HP: 30/38 MP: 3/3
  1630 | D:3      | Noticed Sigmund
  2029 | D:4      | Noticed Duvessa
  2029 | D:4      | Noticed Dowan
  2033 | D:4      | Killed Dowan
  2034 | D:4      | Reached XP level 5. HP: 46/46 MP: 4/4
  2037 | D:4      | Killed Duvessa
  2038 | D:4      | Reached skill level 5 in Polearms
  2125 | D:4      | Found a runed translucent door.
  2134 | D:4      | Noticed WhatIsLove's ghost (amateur HOMo)
  2248 | D:4      | Reached XP level 6. HP: 52/52 MP: 5/5
  2526 | D:4      | Noticed Grinder
  2541 | D:4      | Paralysed by Grinder for 5 turns
  2551 | D:4      | Paralysed by Grinder for 3 turns
  2555 | D:4      | Killed Grinder
  2609 | D:4      | Found a staircase to the Ecumenical Temple.
  2616 | D:4      | Noticed Ijyb
  2621 | D:4      | Noticed Pargi
  2634 | D:4      | Killed Ijyb
  2647 | D:4      | Killed Pargi
  2648 | D:4      | Reached skill level 5 in Fighting
  2648 | D:4      | Reached XP level 7. HP: 15/61 MP: 6/6
  2831 | D:4      | Found a runed translucent door.
  2875 | D:4      | Noticed Natasha
  2883 | D:4      | Killed Natasha
  2903 | D:4      | Killed WhatIsLove's ghost
  3101 | D:4      | Noticed Natasha
  3107 | D:4      | Killed Natasha
  3392 | Temple   | Found a transporter.
  3392 | Temple   | Found a transporter.
  3392 | Temple   | Found a transporter.
  3392 | Temple   | Found a transporter.
  3392 | Temple   | Entered the Ecumenical Temple
  3407 | Temple   | Became a worshipper of Warmaster Okawaru
  3658 | D:3      | Killed Sigmund
  3732 | D:5      | Entered Level 5 of the Dungeon
  3749 | D:4      | Reached skill level 5 in Throwing
  3749 | D:4      | Reached skill level 5 in Shields
  3749 | D:4      | Reached XP level 8. HP: 62/70 MP: 7/7
  4078 | D:5      | Identified the +0 robe "Jyti" {rC++ Dex+6}
  4238 | D:5      | You fall into a shaft and drop 1 floor!
  4547 | D:5      | Noticed Pikel
  4575 | D:5      | Killed Pikel
  4575 | D:5      | Reached * piety under Okawaru
  4798 | D:6      | Found a hide-covered altar of Uskayaw.
  4901 | D:6      | Reached XP level 9. HP: 67/79 MP: 8/8
  5235 | D:6      | Reached ** piety under Okawaru
  6226 | D:7      | Noticed Joseph
  6366 | D:7      | Killed Joseph
  6366 | D:7      | Reached *** piety under Okawaru
  6974 | D:7      | Reached XP level 10. HP: 81/91 MP: 9/9
  6999 | D:8      | Noticed Maggie
  7011 | D:8      | Killed Maggie
  7197 | D:8      | Found a hazy altar of Hepliaklqana.
  7204 | D:8      | Noticed Maurice
  7221 | D:9      | Noticed a manticore
  7237 | D:8      | HP: 4/91 [Maurice/iceblast (15)]
  7246 | D:8      | HP: 3/91 [steam dragon (4)]
  7251 | D:8      | Killed Maurice
  7719 | D:9      | Killed a manticore
  7719 | D:9      | Received a gift from Okawaru
  7720 | D:9      | Reached skill level 10 in Polearms
  7805 | D:9      | Reached **** piety under Okawaru
  8073 | D:9      | Found a staircase to the Lair.
  8181 | D:9      | Reached skill level 10 in Fighting
  8318 | D:9      | Found a runed translucent gate.
  8318 | D:9      | Found an opulent altar of Gozag.
  8318 | D:9      | Noticed an obsidian statue
  8319 | D:9      | Found a runed translucent gate.
  8319 | D:9      | Found a runed translucent gate.
  8319 | D:9      | Noticed NigelTetley's ghost (novice BaHu)
  8319 | D:9      | Noticed a gargoyle
  8319 | D:9      | Noticed a centaur warrior
  8557 | D:10     | Entered Level 10 of the Dungeon
  9062 | D:10     | Reached ***** piety under Okawaru
  9066 | D:10     | Reached skill level 10 in Shields
  9066 | D:10     | Reached XP level 11. HP: 82/101 MP: 8/10
  9072 | D:10     | Noticed a two-headed ogre
  9076 | D:10     | Killed a two-headed ogre
  9184 | D:10     | Identified the +6 orcbow of Currency {drain, rF- MP-9 Int+7
                  | Dex+3}
  9241 | D:10     | Noticed a green ugly thing
  9252 | D:10     | Killed a green ugly thing
  9599 | D:10     | Noticed a two-headed ogre
  9607 | D:10     | Killed a two-headed ogre
  9810 | D:11     | Received a gift from Okawaru
  9877 | D:11     | Found a staircase to the Orcish Mines.
  9883 | D:11     | Found a shadowy altar of Dithmenos.
  9922 | D:11     | Upgraded the game from 0.31-a0-664-g902f515a81 to
                  | 0.31-a0-667-g39726597b9
 10042 | D:11     | Noticed a white ugly thing
 10060 | D:11     | Killed a white ugly thing
 10700 | D:11     | Noticed Josephine
 10717 | D:11     | Killed Josephine
 11066 | D:11     | Noticed a two-headed ogre
 11083 | D:11     | Killed a two-headed ogre
 11219 | D:11     | Noticed a two-headed ogre
 11231 | D:11     | Killed a two-headed ogre
 11231 | D:11     | Reached ****** piety under Okawaru
 11234 | D:11     | Received a gift from Okawaru
 11441 | D:11     | Reached skill level 10 in Throwing
 11626 | D:11     | Noticed a centaur warrior
 11641 | D:11     | Killed a centaur warrior
 11643 | D:11     | Noticed a wolf spider
 11649 | D:11     | Reached XP level 12. HP: 110/112 MP: 11/11
 11713 | D:11     | Noticed a boulder beetle
 11751 | D:11     | Killed a boulder beetle
 11860 | D:11     | Noticed a boulder beetle
 11887 | D:11     | Killed a boulder beetle
 12053 | D:11     | Found the +8 Vampire's Tooth {megavamp}
 12293 | Lair:1   | Entered Level 1 of the Lair of Beasts
 12306 | Lair:1   | Received a gift from Okawaru
 12692 | Lair:1   | Received a gift from Okawaru
 12760 | Lair:1   | Received a gift from Okawaru
 12826 | Lair:1   | Identified the +7 trident of Youthful Indiscretion {freeze,
                  | rC+ Str+3 Stlth+}
 13257 | Lair:1   | Received a gift from Okawaru
 13373 | Lair:2   | Found a dark tunnel.
 13469 | Volcano  | Entered a volcano
 13488 | Volcano  | Noticed an ogre mage
 13491 | Volcano  | Noticed a two-headed ogre
 13491 | Volcano  | Paralysed by an ogre mage for 5 turns
 13492 | Volcano  | Noticed a two-headed ogre
 13499 | Volcano  | Killed an ogre mage
 13505 | Volcano  | Killed a two-headed ogre
 13510 | Volcano  | Killed a two-headed ogre
 13708 | Volcano  | Noticed a two-headed ogre
 13713 | Volcano  | Killed a two-headed ogre
 13736 | Volcano  | Noticed a two-headed ogre
 13739 | Volcano  | Killed a two-headed ogre
 13766 | Volcano  | Noticed a two-headed ogre
 13766 | Volcano  | Noticed a two-headed ogre
 13771 | Volcano  | Killed a two-headed ogre
 13775 | Volcano  | Killed a two-headed ogre
 13776 | Volcano  | Reached XP level 13. HP: 120/122 MP: 10/12
 14386 | Lair:2   | Found a hole to the Spider Nest.
 14431 | Lair:2   | Identified the +2 pair of boots "Equwut" {rF+} (Okawaru
                  | gifted it to you on level 2 of the Lair of Beasts)
 14431 | Lair:2   | Received a gift from Okawaru
 14910 | Lair:2   | Found the +8 whip "Snakebite" {venom, curare, rPois}
 15281 | Lair:2   | Reached XP level 14. HP: 133/133 MP: 12/16
 15427 | Lair:3   | Noticed Snorg
 15444 | Lair:3   | Killed Snorg
 15638 | Lair:3   | Reached skill level 5 in Invocations
 16067 | Lair:3   | Found a staircase to the Swamp.
 16573 | Lair:4   | Found a shadowy altar of Dithmenos.
 16887 | Lair:4   | Reached skill level 15 in Fighting
 17575 | Lair:5   | Entered Level 5 of the Lair of Beasts
 17675 | Lair:5   | Identified the +0 pair of gloves of Pyuk {rElec rC++}
                  | (Okawaru gifted it to you on level 5 of the Lair of Beasts)
 17675 | Lair:5   | Received a gift from Okawaru
 17690 | Lair:5   | Reached skill level 15 in Shields
 18105 | Lair:5   | Identified the +8 long sword of Xyczi {drain, rCorr}
 18246 | Lair:5   | Reached XP level 15. HP: 141/141 MP: 19/19
 19396 | Lair:5   | Found a staircase to the Slime Pits.
 19397 | Lair:5   | Found a viscous altar of Jiyva.
 20428 | D:13     | Received a gift from Okawaru
 20911 | D:13     | Found Fueckoy's Jewellery Emporium.
 20914 | D:13     | Bought an amulet of reflection for 420 gold pieces
 21025 | D:13     | Noticed Sonja
 21026 | Arena    | Entered the Arena
 21029 | Arena    | Killed Sonja
 21623 | D:14     | Found a broken altar of Ashenzari.
 21932 | D:14     | Found Ytaewake's General Store.
 21940 | D:14     | Bought a potion of curing for 48 gold pieces
 21965 | D:14     | Received a gift from Okawaru
 22021 | D:14     | Received a gift from Okawaru
 22192 | D:14     | Identified the staff "Lolaur" {rC+ Dex+3 Summ Ice}
 22736 | D:14     | Found a gate to the Vaults.
 22763 | D:14     | Reached XP level 16. HP: 155/155 MP: 15/22
 23062 | D:14     | Found Mymiqes's Distillery.
 23064 | D:14     | Bought a potion of resistance for 130 gold pieces
 23064 | D:14     | Bought a potion of haste for 130 gold pieces
 23064 | D:14     | Bought a potion of might for 52 gold pieces
 23082 | D:14     | Found Lufadiog's Distillery.
 23085 | D:14     | Bought a potion of curing for 45 gold pieces
 23085 | D:14     | Bought a potion of haste for 150 gold pieces
 23085 | D:14     | Bought a potion of curing for 45 gold pieces
 23085 | D:14     | Bought a potion of curing for 45 gold pieces
 23085 | D:14     | Bought a potion of heal wounds for 75 gold pieces
 23147 | D:14     | Found Ytaegyzi's Assorted Antiques.
 23619 | D:15     | Entered Level 15 of the Dungeon
 23986 | D:15     | Noticed Azrael
 23993 | D:15     | Killed Azrael
 24341 | D:15     | Received a gift from Okawaru
 24409 | D:15     | Noticed Rupert
 24444 | D:15     | Killed Rupert
 24447 | D:15     | Received a gift from Okawaru
 24609 | D:15     | Paralysed by an orc for 4 turns
 24610 | D:15     | Reached skill level 10 in Invocations
 24770 | D:15     | Received a gift from Okawaru
 24883 | D:15     | Found a staircase to the Depths.
 25185 | Orc:1    | Entered Level 1 of the Orcish Mines
 25287 | Orc:1    | Found the +15 Maxwell's patent armour {-Cast -Tele rElec
                  | Will+ rCorr}
 25653 | Orc:2    | Entered Level 2 of the Orcish Mines
 25707 | Orc:1    | Received a gift from Okawaru
 25961 | Orc:2    | Noticed Nergalle
 25980 | Orc:1    | Killed Nergalle
 25999 | Orc:2    | Noticed Urug
 26014 | Orc:2    | Paralysed by an orc sorcerer for 4 turns
 26022 | Orc:1    | Reached skill level 5 in Dodging
 26042 | Orc:2    | Paralysed by an orc sorcerer for 4 turns
 26130 | Orc:1    | Killed Urug
 26130 | Orc:1    | Received a gift from Okawaru
 26295 | Orc:2    | Found Sidiuf's Antique Weapon Shop.
 26318 | Orc:2    | Found Risoaq's Book Shop.
 26417 | Orc:2    | Found Perrexzotz's Antique Armour Shop.
 26432 | Orc:2    | Found Disas's General Store.
 26457 | Orc:2    | Found a staircase to the Elven Halls.
 26839 | Swamp:1  | Entered Level 1 of the Swamp
 26839 | Swamp:1  | Noticed Roxanne
 26985 | Swamp:1  | Killed Roxanne
 27458 | Swamp:1  | Noticed a thorn hunter
 27472 | Swamp:1  | Killed a thorn hunter
 28501 | Swamp:2  | You fall into a shaft and drop 1 floor!
 28509 | Swamp:3  | Received a gift from Okawaru
 28528 | Swamp:3  | Reached XP level 17. HP: 163/166 MP: 23/23
 28572 | Swamp:3  | HP: 6/165 [goliath frog[a spriggan druid] (23)]
 28574 | Swamp:3  | Mangled by a goliath frog

Illustrated notes

Levels and vault maps discovered:
D:1:      wander_arrival_abandoned_jail, layout_basic,
          shapermc_ecumenical_altar_starsandcircs
D:2:      layout_rooms
D:3:      layout_rooms, uniq_sigmund
D:4:      layout_basic, minmay_temple_entry_large_hall, ebering_ghost_sewer_f,
          kennysheep_generic_room_3, uniq_duvessa, uniq_pargi, uniq_natasha,
          uniq_ijyb, uniq_grinder
D:5:      layout_basic, chequers_garden, uniq_pikel
D:6:      layout_loops_ring, mainiacjoe_overflow_tiny_flanked
D:7:      layout_rooms, enter_bailey_6, grunt_tough_drop, uniq_joseph
D:8:      layout_cave_pools, trog_book, nicolae_hepliaklqana_hazy_memory,
          kennysheep_minor_cross, moated_statue, st_stairs_3, uniq_maggie,
          uniq_maurice
D:9:      layout_long_grid, david_lair_shrubbed, ebering_ghost_gozag,
          grunt_decor_one_mirror, minmay_bent
D:10:     layout_irregular_city, dreamdust_mushroom_princess
D:11:     minmay_the_grid_triangle_9x9_rhombus_full
          [minmay_the_grid_triangle_9x9_impossible_snake,
          minmay_the_grid_triangle_9x9_wacky_v,
          minmay_the_grid_triangle_9x9_empty,
          minmay_the_grid_triangle_9x9_checkered,
          minmay_the_grid_triangle_9x9_flanged_cone,
          minmay_the_grid_triangle_9x9_corrupted_corridor,
          minmay_the_grid_triangle_9x9_descending_squares,
          minmay_the_grid_triangle_9x9_prize_insulated], layout_cave_pods,
          orc_0_dummy, grunt_dithmenos_smoke_and_mirrors, uniq_josephine
D:12:     layout_cave_pods, minmay_statue_bubble
D:13:     layout_gridville, serial_shops, nicolae_shop_tiny_real_fake_doors,
          uniq_sonja
D:14:     minmay_stepped, layout_layer_cave, grunt_vaults_entry_tiered,
          serial_shops, shop, kennysheep_mini, shop, shop,
          cheibrodos_ashenzari_chains
D:15:     hellmonk_depths_entry_around_the_bend, layout_small_grid, uniq_rupert,
          uniq_azrael
Temple:   hellmonk_temple_divided_pantheon
Lair:1:   layout_concentric_octagons, cheibrodos_lair_caveside_slide,
          nicolae_lair_grove_arrangements, st_stairs_9, beast_lair_carwin_2,
          infiniplex_staircase_pool_2
Lair:2:   minmay_guarded_unrand_snakebite, layout_long_grid,
          spider_nest_entry_webs, serial_rivers, chequers_serial_rivers_micro_d,
          chequers_serial_rivers_room_b, chequers_serial_rivers_micro_b,
          chequers_serial_rivers_micro_c, chequers_serial_rivers_micro_d,
          enter_volcano_4
Lair:3:   layout_cave_pods, minmay_swamp_entry_worms, minivault_11,
          serial_bayou_shore_a, uniq_snorg
Lair:4:   layout_loops_ring, basic_altar, grunt_megastairs_4
Lair:5:   gammafunk_lair_ancient_temple, layout_regular_city,
          minmay_slime_entry_jelly_boxes, nzn_sisyphean_effort
Swamp:1:  layout_basic_swamp, serial_swamp_ruin, evilmike_swamp_ruin_house_3,
          evilmike_swamp_ruin_rubble_1, evilmike_swamp_ruin_house_6,
          swamp_pool2, uniq_roxanne
Swamp:2:  layout_falls_marsh, nicolae_swamp_godswood
Swamp:3:  layout_basic_swamp, portal_ice_cave_entry_dragon,
          hangedman_swamp_ruin_wall
Orc:1:    layout_diamond_mine, dreamdust_deal_with_the_devil
Orc:2:    grunt_orc_cross, layout_caves, nicolae_orc_bridge_out

Skill      XL: |  1  2  3  4  5  6  7  8  9 10 11 12 13 14 15 16 |
---------------+-------------------------------------------------+-----
Polearms       | 4 5 6 7 9 10 12 13 14 | 14.8
Fighting       | 3 4 5 6 7 9 10 12 13 14 15 17 18 | 18.5
Shields        | 1 2 4 5 6 8 10 11 13 14 15 16 18 | 18.3
Throwing       | 3 4 5 6 7 8 10 11 12 14 | 14.5
Invocations    | 4 6 9 10 | 10.0
Dodging        | 7 |  7.3

Action                     |  1- 3 |  4- 6 |  7- 9 | 10-12 | 13-15 | 16-18 || total
---------------------------+-------+-------+-------+-------+-------+-------++-------
  Melee: Trident           |    97 |    94 |   309 |   479 |   910 |   548 ||  2437
         Headbutt          |    15 |    17 |    54 |   101 |   184 |    93 ||   464
         Punch             |     1 |       |       |       |       |       ||     1
  Throw: Stone             |     4 |     9 |    19 |       |   124 |       ||   156
         Boomerang         |       |       |    45 |   170 |    81 |   182 ||   478
         Javelin           |       |       |       |       |    50 |    14 ||    64
         Dart              |       |       |       |       |    18 |       ||    18
 Invoke: Finesse           |       |       |       |       |     3 |     3 ||     6
         Heroism           |       |       |       |       |     3 |     2 ||     5
         Duel              |       |       |       |       |     1 |       ||     1
    Use: Scroll            |     6 |       |     5 |     8 |    11 |     2 ||    32
         Potion            |       |     1 |       |    12 |     2 |     3 ||    18
   Stab: Distracted        |       |       |       |     1 |       |       ||     1
 Armour: Leather armour    |    17 |       |       |       |       |       ||    17
         Plate armour      |    47 |   103 |   220 |   283 |   275 |   273 ||  1201
         Skin              |       |       |     7 |       |       |     8 ||    15
  Dodge: Dodged            |    32 |    13 |    63 |    68 |    78 |    71 ||   325
  Block: Tower shield      |    53 |    68 |   214 |   291 |   484 |   385 ||  1495
         Reflection        |       |       |       |       |    19 |    22 ||    41

Table legend: (Time is in decaauts)
 A = Elapsed time spent in this place.
 B = Non-inter-level travel time spent in this place.
 C = Inter-level travel time spent in this place.
 D = Time resting spent in this place.
 E = Time spent auto-exploring this place.
 F = Levels seen in this place.
 G = Mean time per level.
                   A        B        C        D        E       F      G
               +--------+--------+--------+--------+--------+-----+--------+
         Total |  28283 |  26779 |   1504 |   3113 |  18060 |  28 | 1010.1 |
       Dungeon |  17820 |  16821 |    999 |   1998 |  11387 |  15 | 1188.0 |
        Temple |     38 |     25 |     13 |      0 |      0 |   1 |   38.0 |
          Lair |   6867 |   6535 |    332 |    695 |   4483 |   5 | 1373.4 |
         Swamp |   1594 |   1528 |     66 |    197 |    997 |   3 |  531.3 |
  Orcish Mines |   1389 |   1297 |     92 |     50 |    892 |   2 |  694.5 |
       Volcano |    554 |    554 |      0 |    159 |    300 |   1 |  554.0 |
         Arena |     19 |     19 |      0 |     13 |      0 |   1 |   19.0 |
               +--------+--------+--------+--------+--------+-----+--------+

Top non-repeatable levels by time:
    D:11: 2581 daAuts
    D:14: 1934 daAuts
  Lair:5: 1741 daAuts
     D:4: 1662 daAuts
  Lair:3: 1404 daAuts
    D:15: 1396 daAuts
  Lair:2: 1392 daAuts
     D:7: 1291 daAuts
     D:6: 1229 daAuts
    D:10: 1215 daAuts
  Lair:4: 1193 daAuts
 Swamp:1: 1175 daAuts
  Lair:1: 1135 daAuts
     D:9: 1078 daAuts
     D:5: 985 daAuts
